 Dungeon Crawl Stone Soup version 0.20.0-15-g7f486f2 (webtiles) character file.

2943 spinkules the Cleaver (level 9, -1/51 HPs)
             Began as a Gargoyle Berserker on June 28, 2017.
             Was an Elder of Trog.
             Slain by Quirk's ghost (5 damage)
             ... on level 8 of the Dungeon.
             The game lasted 00:11:12 (7601 turns).

spinkules the Cleaver (Gargoyle Berserker)          Turns: 7601, Time: 00:11:13

Health: -1/51      AC: 13    Str: 22    XL:     9   Next: 80%
Magic:  9/9        EV: 11    Int:  7    God:    Trog [****..]
Gold:   311        SH:  0    Dex: 12    Spells: 8/8 levels left

rFire    . . .     SeeInvis .   a - +0 hand axe
rCold    . . .     Gourm    .   (no shield)
rNeg     + . .     Faith    .   o - +0 ring mail
rPois    ∞         Spirit   .   e - +2 hat
rElec    +         Reflect  .   (no cloak)
rCorr    +         Harm     .   (no gloves)
MR       .....                  (no boots)
Stlth    +.........             (no amulet)
Regen    0.2/turn               w - ring of resist corrosion
MPRegen  0.2/turn               (no ring)

@: berserk cooldown, slowed, very slow
A: negative energy resistance 1, electricity resistance, unbreathing,
petrification resistance, rot immunity, AC +5
a: Berserk, Trog's Hand, Brothers in Arms, Burn Spellbooks, Renounce Religion


You were on level 8 of the Dungeon.
You worshipped Trog.
Trog was greatly pleased with you.
You were hungry.

You visited 1 branch of the dungeon, and saw 8 of its levels.

You collected 311 gold pieces.

Inventory:

Hand Weapons
 a - a +0 hand axe (weapon)
 A - a +2 dagger of venom
 F - a +2 war axe of draining
Armour
 b - a +0 animal skin
 e - a +2 hat (worn)
 o - a +0 ring mail (worn)
Jewellery
 v - an uncursed amulet of faith {unknown}
 w - a ring of resist corrosion (left hand)
Wands
 q - a wand of iceblast (5/15)
 t - a wand of acid (4/15)
 x - a wand of digging (15/24)
 y - a wand of polymorph (18/24)
 B - a wand of confusion (18/48)
Scrolls
 f - a scroll of recharging {unknown}
 h - 10 scrolls of identify {unknown}
 i - 2 scrolls of fog {unknown}
 j - 2 scrolls of teleportation {unknown}
 m - a scroll of noise {unknown}
 p - 6 scrolls of remove curse {unknown}
 r - a scroll of amnesia {unknown}
 C - a scroll of random uselessness {unknown}
Potions
 g - a potion of heal wounds {unknown}
 k - a potion of invisibility {unknown}
 n - a potion of lignification {unknown}
 s - a potion of curing {unknown}
 u - 2 potions of degeneration {unknown}
 z - a potion of ambrosia {unknown}
 D - a potion of berserk rage {unknown}
Comestibles
 c - 6 bread rations
 d - 2 meat rations
 l - 2 fruits


   Skills:
 - Level 3.2 Fighting
 + Level 12.2 Axes
 - Level 2.1 Armour
 - Level 1.5 Dodging


You had 8 spell levels left.
You didn't know any spells.

Dungeon Overview and Level Annotations

Branches:
Dungeon (8/15)             Temple (0/1) D:5
   Lair: D:8-11

Altars:
Nemelex Xobeh
Ru
Sif Muna
Trog
Uskayaw
The Shining One

Shops:
D:6 (

Annotations:
D:8 Quirk's ghost, novice GrFi


Innate Abilities, Weirdness & Mutations

You are resistant to torment.
Your stone body is resilient. (AC +5)
You are immune to poison.
You resist negative energy. (rN+)
You are resistant to electric shocks. (rElec)
You can survive without breathing.
You are immune to petrification.
You are immune to rotting.


Message History

Quirk's ghost is moderately damaged.
Quirk's ghost hits you.
You hit Quirk's ghost but do no damage.
Quirk's ghost is moderately damaged.
Quirk's ghost hits you.
You miss Quirk's ghost.
Quirk's ghost is moderately damaged.
Quirk's ghost hits you!
* * * LOW HITPOINT WARNING * * *
You hit Quirk's ghost but do no damage.
Quirk's ghost is moderately damaged.
Quirk's ghost hits you but does no damage.
You barely miss Quirk's ghost.
Quirk's ghost is moderately damaged.
Quirk's ghost hits you.
* * * LOW HITPOINT WARNING * * *
You closely miss Quirk's ghost.
Quirk's ghost is moderately damaged.
Quirk's ghost hits you.
You die...

#o#..# ########. #. #.#..# #. #.#
#K#..# ## #.# #.#..# ...##### #.#
#.#..# #.....( #.#
#W#..########### #.#
#...............
######.#############.(###########
........<.......@WKoK.# ######
######.##############.# #.....
#.# #.# #.#### #.# #.# #)# #.#
#.# #)# #.########## #.# #.#
#.........># #.# #.####
##########.# #.# #..... #.# #.#
######


You could see Quirk's ghost, an orc and 2 kobolds.

Vanquished Creatures
  A two-headed ogre (D:6)
  The ghost of Juudaz the Skirmisher, a novice GrFi (D:3)
  Edmund (D:6)
  A water moccasin (D:7)
  An orc warrior (D:7)
  A sky beast (D:5)
  A necrophage (D:7)
  2 ogres
  2 bullfrogs (D:6)
  The ghost of yogakurto the Charmwright, an amateur FeSk of Okawaru (D:4)
  2 scorpions
  A wight (D:7)
  A howler monkey (D:5)
  2 crimson imps (D:5)
  A centaur zombie (D:6)
  2 hounds
  8 orc priests
  A bullfrog skeleton (D:4)
  3 iguanas
  7 orc wizards
  5 worker ants
  2 hound skeletons
  A gnoll (D:1)
  6 adders
  An ooze (D:1)
  2 adder skeletons
  A worm (D:2)
  2 dart slugs (D:1)
  4 leopard geckos
  17 orcs
  A ball python (D:2)
  8 giant cockroaches
  6 goblins (D:1)
  3 hobgoblins
  8 jackals
  7 kobolds
  3 quokkas
  11 bats
  7 frilled lizards
  A jackal skeleton (D:6)
  A quokka skeleton (D:5)
  A quokka zombie (D:6)
  6 rats
144 creatures vanquished.

Vanquished Creatures (others)
  A wizard (D:4)
1 creature vanquished.

Grand Total: 145 creatures vanquished

Notes
Turn   | Place    | Note
-------+----------+-------------------------------------------
     0 | D:1      | spinkules the Gargoyle Berserker began the quest for the Orb.
     0 | D:1      | Reached XP level 1. HP: 14/14 MP: 1/1
    52 | D:1      | Reached skill level 3 in Axes
    52 | D:1      | Reached XP level 2. HP: 1/19 MP: 2/2
   528 | D:1      | Reached XP level 3. HP: 23/23 MP: 3/3
   754 | D:1      | Reached skill level 4 in Axes
   944 | D:2      | Reached ** piety under Trog
   972 | D:2      | Reached XP level 4. HP: 13/28 MP: 4/4
  1364 | D:2      | Found a sacrificial altar of Ru.
  1651 | D:3      | Noticed Juudaz's ghost (novice GrFi)
  1662 | D:3      | Killed Juudaz's ghost
  1662 | D:3      | Reached skill level 6 in Axes
  1662 | D:3      | Reached XP level 5. HP: 32/32 MP: 5/5
  1662 | D:3      | Reached XP level 6. HP: 37/37 MP: 6/6
  2459 | D:3      | Found a deep blue altar of Sif Muna.
  2691 | D:3      | Found a glowing golden altar of the Shining One.
  2916 | D:4      | Noticed yogakurto's ghost (amateur FeSk)
  2921 | D:4      | Reached skill level 7 in Axes
  2921 | D:4      | Reached XP level 7. HP: 41/41 MP: 7/7
  2922 | D:4      | Killed yogakurto's ghost
  3177 | D:4      | Found a bloodstained altar of Trog.
  3196 | D:4      | Noticed a wizard
  3199 | D:4      | Killed a wizard
  3411 | D:4      | Reached *** piety under Trog
  3590 | D:5      | Entered Level 5 of the Dungeon
  3599 | D:5      | Reached skill level 8 in Axes
  3799 | D:5      | Reached XP level 8. HP: 44/46 MP: 8/8
  4297 | D:5      | Reached skill level 9 in Axes
  4515 | D:5      | Found a staircase to the Ecumenical Temple.
  4725 | D:5      | Found a sparkling altar of Nemelex Xobeh.
  4726 | D:5      | Found a bloodstained altar of Trog.
  4732 | D:5      | Found a sacrificial altar of Ru.
  5330 | D:6      | Noticed a two-headed ogre
  5333 | D:6      | Noticed Edmund
  5344 | D:6      | Killed a two-headed ogre
  5344 | D:6      | Reached skill level 10 in Axes
  5344 | D:6      | Reached XP level 9. HP: 9/51 MP: 9/9
  5356 | D:6      | Killed Edmund
  5356 | D:6      | Reached skill level 11 in Axes
  5826 | D:6      | Reached **** piety under Trog
  6508 | D:6      | Found Keryanez's Weapon Shoppe.
  6968 | D:7      | Found a hide-covered altar of Uskayaw.
  7234 | D:7      | Reached skill level 12 in Axes
  7551 | D:8      | Noticed Quirk's ghost (novice GrFi)
  7601 | D:8      | Slain by Quirk's ghost

Skill      XL: |  1  2  3  4  5  6  7  8  9 |
---------------+----------------------------+-----
Axes           | 3 4 6 7 8 10 12 | 12.2
Fighting       | |  3.2
Armour         | |  2.1
Dodging        | |  1.5

Action                   |  1- 3 |  4- 6 |  7- 9 || total
-------------------------+-------+-------+-------++-------
Melee: Hand axe          |    90 |   163 |   500 ||   753
Invok: Berserk           |       |     2 |    10 ||    12
 Stab: Sleeping          |     1 |       |       ||     1
  Eat: Chunk             |       |     7 |    25 ||    32
Armor: Animal skin       |    26 |    15 |       ||    41
       Ring mail         |       |    64 |   188 ||   252
Dodge: Dodged            |    66 |   103 |   169 ||   338
